TOP OF THE 1ST |
Colorado (EL) Rockies batting - Pitching for Tulsa Drillers : RHP Will Lane
|
Pitching: RHP Will Lane
|
|
Batting: SHB Jamie Mims
|
0-0: Ball 1-0: Ball 2-0: Called Strike 2-1: Ground out 6-3 (Groundball, 6, EV 87.5 MPH)
|
Batting: SHB Bobby Santor
|
0-0: Fly out, F8 (Flyball, 8LS, EV 75.6 MPH)
|
Batting: RHB Wali Mulogo
|
0-0: Ball 1-0: Ball 2-0: Called Strike 2-1: Ball 3-1: Foul Ball, location: 2F 3-2: SINGLE (Flyball, 8RS, EV 88.1 MPH)
|
Batting: RHB Maurice Moore
|
0-0: Ball 1-0: Ground out 5-3 (Groundball, 56S, EV 88.1 MPH)
|
Top of the 1st over - 0 runs, 1 hit, 0 errors, 1 left on base; Colorado (EL) 0 - Tulsa 0 |
BOTTOM OF THE 1ST |
Tulsa Drillers batting - Pitching for Colorado (EL) Rockies : LHP Domenic Wells
|
Pitching: LHP Domenic Wells
|
|
Batting: RHB Perry Dominey
|
0-0: Ball 1-0: Foul Ball, location: 2F 1-1: Called Strike 1-2: Ball 2-2: Ground out 2-3 (Groundball, 2L, EV 68.1 MPH)
|
Batting: SHB Guy Jerome
|
0-0: Ball 1-0: Ball 2-0: Ball 3-0: Called Strike 3-1: Base on Balls
|
Batting: RHB Jonathan Sotelo
|
0-0: Ball 1-0: Ball 2-0: Ball 3-0: Called Strike 3-1: Base on Balls Guy Jerome to second
|
Batting: LHB Nate Kee
|
0-0: Fly out, F7 (Flyball, 7, EV 85.0 MPH)
|
Batting: LHB Umar Matoub
|
0-0: Ball 1-0: Ground out 4-3 (Groundball, 4S, EV 66.9 MPH)
|
Bottom of the 1st over - 0 runs, 0 hits, 0 errors, 2 left on base; Colorado (EL) 0 - Tulsa 0 |
TOP OF THE 2ND |
Colorado (EL) Rockies batting - Pitching for Tulsa Drillers : RHP Will Lane
|
Batting: LHB Paul McClintock
|
0-0: Swinging Strike 0-1: Foul Ball, location: 2F 0-2: Fly out, F3 (Line Drive, 34, EV 64.4 MPH)
|
Batting: RHB Bobby Bowman
|
0-0: Called Strike 0-1: Ground out 6-3 (Groundball, 6, EV 103.8 MPH)
|
Batting: LHB Daniel Green
|
0-0: Ball 1-0: Foul Ball, location: 2F 1-1: Swinging Strike 1-2: Ground out U3 (Groundball, 3, EV 102.5 MPH)
|
Top of the 2nd over - 0 runs, 0 hits, 0 errors, 0 left on base; Colorado (EL) 0 - Tulsa 0 |
BOTTOM OF THE 2ND |
Tulsa Drillers batting - Pitching for Colorado (EL) Rockies : LHP Domenic Wells
|
Batting: RHB Bob Magana
|
0-0: Foul Ball, location: 2F 0-1: Ball 1-1: Foul Ball, location: 2F 1-2: Ground out 4-3 (Groundball, 4, EV 96.2 MPH)
|
Batting: LHB Cory Bowler
|
0-0: Ball 1-0: Ball 2-0: Foul Ball, location: 2F 2-1: Foul Ball, location: 2F 2-2: Foul Ball, location: 2F 2-2: Ball 3-2: Foul Ball, location: 2F 3-2: Strikes out looking
|
Batting: LHB Bobby Gonzalez
|
0-0: Ball 1-0: Called Strike 1-1: Ball 2-1: Called Strike 2-2: Strikes out looking
|
Bottom of the 2nd over - 0 runs, 0 hits, 0 errors, 0 left on base; Colorado (EL) 0 - Tulsa 0 |
TOP OF THE 3RD |
Colorado (EL) Rockies batting - Pitching for Tulsa Drillers : RHP Will Lane
|
Batting: SHB Craig Ruzic
|
0-0: Fly out, F7 (Flyball, 7, EV 86.9 MPH)
|
Batting: LHB Jerry Santana
|
0-0: Foul Ball, location: 2F 0-1: Foul Ball, location: 2F 0-2: Ball 1-2: Strikes out swinging
|
Batting: SHB Jamie Mims
|
0-0: Ball 1-0: Foul Ball, location: 2F 1-1: Ball 2-1: Foul Ball, location: 2F 2-2: Ground out 6-3 (Groundball, 4M, EV 93.8 MPH)
|
Top of the 3rd over - 0 runs, 0 hits, 0 errors, 0 left on base; Colorado (EL) 0 - Tulsa 0 |
BOTTOM OF THE 3RD |
Tulsa Drillers batting - Pitching for Colorado (EL) Rockies : LHP Domenic Wells
|
Batting: LHB Joe Phillips
|
0-0: Ball 1-0: Ground out U3 (Groundball, 3S, EV 86.9 MPH)
|
Batting: RHB Perry Dominey
|
0-0: Called Strike 0-1: Ball 1-1: Ball 2-1: Ball 3-1: Ground out 5-3 (Groundball, 56, EV 86.9 MPH)
|
Batting: SHB Guy Jerome
|
0-0: Called Strike 0-1: SINGLE (Groundball, 6D, EV 98.1 MPH)
|
Batting: RHB Jonathan Sotelo
|
0-0: Swinging Strike 0-1: Foul Ball, location: 2F 0-2: Ball 1-2: Ball 2-2: Ground out U3 (Groundball, 3, EV 92.5 MPH)
|
Bottom of the 3rd over - 0 runs, 1 hit, 0 errors, 1 left on base; Colorado (EL) 0 - Tulsa 0 |
TOP OF THE 4TH |
Colorado (EL) Rockies batting - Pitching for Tulsa Drillers : RHP Will Lane
|
Batting: SHB Bobby Santor
|
0-0: Ball 1-0: Ball 2-0: Swinging Strike 2-1: Foul Ball, location: 2F 2-2: Ground out 6-3 (Groundball, 6, EV 81.9 MPH)
|
Batting: RHB Wali Mulogo
|
0-0: Ball 1-0: Ball 2-0: Swinging Strike 2-1: Ball 3-1: Swinging Strike 3-2: Reached on error, E5 (Groundball, 56, EV 96.9 MPH)
|
Batting: RHB Maurice Moore
|
0-0: Foul Ball, location: 2F 0-1: Fielders Choice at 2nd, 4-6 (Groundball, 4, EV 84.4 MPH)
|
Batting: LHB Paul McClintock
|
0-0: Called Strike 0-1: Ball 1-1: Ball 2-1: DOUBLE (Line Drive, 78D, EV 105.0 MPH) Maurice Moore to third Runner from 3rd tries for Home, SAFE, throw by LF to home
|
Batting: RHB Bobby Bowman
|
0-0: Ball 1-0: Foul Ball, location: 2F 1-1: Ball 2-1: Foul Ball, location: 2F 2-2: Reached on error, E3 (Groundball, 3, EV 110.6 MPH) Paul McClintock to third
|
Batting: LHB Daniel Green
|
0-0: Ball 1-0: Swinging Strike 1-1: Ball 2-1: Foul Ball, location: 2F 2-2: Ball 3-2: Ground out 4-3 (Groundball, 4, EV 88.8 MPH)
|
Top of the 4th over - 1 run, 1 hit, 2 errors, 2 left on base; Colorado (EL) 1 - Tulsa 0 |
BOTTOM OF THE 4TH |
Tulsa Drillers batting - Pitching for Colorado (EL) Rockies : LHP Domenic Wells
|
Batting: LHB Nate Kee
|
0-0: Ball 1-0: Swinging Strike 1-1: Ball 2-1: Foul Ball, location: 2F 2-2: Foul Ball, location: 2F 2-2: Ball 3-2: Base on Balls
|
Batting: LHB Umar Matoub
|
0-0: Foul Ball, location: 2F 0-1: Ball 1-1: Ball 2-1: Fly out, F7 (Flyball, 7, EV 82.5 MPH)
|
Batting: RHB Bob Magana
|
0-0: Ball 1-0: Ball 2-0: Grounds into double play, 5-4-3 (Groundball, 5S, EV 77.5 MPH)
|
Bottom of the 4th over - 0 runs, 0 hits, 0 errors, 0 left on base; Colorado (EL) 1 - Tulsa 0 |
TOP OF THE 5TH |
Colorado (EL) Rockies batting - Pitching for Tulsa Drillers : RHP Will Lane
|
Batting: SHB Craig Ruzic
|
0-0: Ball 1-0: Foul Ball, location: 2F 1-1: Ball 2-1: Called Strike 2-2: Ground out 6-3 (Groundball, 6, EV 104.4 MPH)
|
Batting: LHB Jerry Santana
|
0-0: Ball 1-0: Ball 2-0: Called Strike 2-1: Called Strike 2-2: Ball 3-2: Ground out U3 (Groundball, 34, EV 88.1 MPH)
|
Batting: SHB Jamie Mims
|
0-0: Ball 1-0: Ball 2-0: Fly out, F7 (Line Drive, 78M, EV 104.4 MPH)
|
Top of the 5th over - 0 runs, 0 hits, 0 errors, 0 left on base; Colorado (EL) 1 - Tulsa 0 |
BOTTOM OF THE 5TH |
Tulsa Drillers batting - Pitching for Colorado (EL) Rockies : LHP Domenic Wells
|
Batting: LHB Cory Bowler
|
0-0: Fly out, F9 (Line Drive, 9, EV 91.9 MPH)
|
Batting: LHB Bobby Gonzalez
|
0-0: Ball 1-0: SINGLE (Line Drive, 34, EV 94.4 MPH)
|
Batting: LHB Joe Phillips
|
0-0: Ball 1-0: Fly out, F8 (Flyball, 89M, EV 90.6 MPH)
|
Batting: RHB Perry Dominey
|
0-0: Called Strike 0-1: Swinging Strike 0-2: Fielders Choice at 2nd, 6-4 (Groundball, 6, EV 91.2 MPH)
|
Bottom of the 5th over - 0 runs, 1 hit, 0 errors, 1 left on base; Colorado (EL) 1 - Tulsa 0 |
TOP OF THE 6TH |
Colorado (EL) Rockies batting - Pitching for Tulsa Drillers : RHP Will Lane
|
Batting: SHB Bobby Santor
|
0-0: Ball 1-0: Swinging Strike 1-1: Called Strike 1-2: Foul Ball, location: 2F 1-2: Ground out U3 (Groundball, 3L, EV 86.9 MPH)
|
Batting: RHB Wali Mulogo
|
0-0: Ball 1-0: Ball 2-0: Called Strike 2-1: Ground out 4-3 (Groundball, 4, EV 81.9 MPH)
|
Batting: RHB Maurice Moore
|
0-0: Fly out, F9 (Flyball, 9D, EV 95.6 MPH)
|
Top of the 6th over - 0 runs, 0 hits, 0 errors, 0 left on base; Colorado (EL) 1 - Tulsa 0 |
BOTTOM OF THE 6TH |
Tulsa Drillers batting - Pitching for Colorado (EL) Rockies : LHP Domenic Wells
|
Batting: SHB Guy Jerome
|
0-0: Called Strike 0-1: Ball 1-1: Ball 2-1: Ball 3-1: SINGLE (Groundball, 4MD, EV 80.6 MPH) (infield hit)
|
Batting: RHB Jonathan Sotelo
|
0-0: Ball 1-0: Called Strike 1-1: Ball 2-1: Fly out, F8 (Flyball, 8RXD, EV 89.4 MPH)
|
Batting: LHB Nate Kee
|
0-0: Grounds into double play, 4-6-3 (Groundball, 34, EV 108.8 MPH)
|
Bottom of the 6th over - 0 runs, 1 hit, 0 errors, 0 left on base; Colorado (EL) 1 - Tulsa 0 |
TOP OF THE 7TH |
Colorado (EL) Rockies batting - Pitching for Tulsa Drillers : RHP Will Lane
|
Batting: LHB Paul McClintock
|
0-0: Ball 1-0: Ball 2-0: Called Strike 2-1: Foul Ball, location: 2F 2-2: Strikes out looking
|
Batting: RHB Bobby Bowman
|
0-0: Called Strike 0-1: Swinging Strike 0-2: Ball 1-2: Ground out 4-3 (Groundball, 4, EV 80.0 MPH)
|
Batting: LHB Daniel Green
|
0-0: Ground out U3 (Groundball, 34, EV 86.9 MPH)
|
Top of the 7th over - 0 runs, 0 hits, 0 errors, 0 left on base; Colorado (EL) 1 - Tulsa 0 |
BOTTOM OF THE 7TH |
Tulsa Drillers batting - Pitching for Colorado (EL) Rockies : LHP Domenic Wells
|
Batting: LHB Umar Matoub
|
0-0: Called Strike 0-1: Ball 1-1: Hit by Pitch
|
Batting: RHB Bob Magana
|
0-0: Ball 1-0: Grounds into double play, 6-4-3 (Groundball, 6, EV 102.5 MPH)
|
Batting: LHB Cory Bowler
|
0-0: Ball 1-0: Ground out 6-3 (Groundball, 6M, EV 80.0 MPH)
|
Bottom of the 7th over - 0 runs, 0 hits, 0 errors, 0 left on base; Colorado (EL) 1 - Tulsa 0 |
TOP OF THE 8TH |
Colorado (EL) Rockies batting - Pitching for Tulsa Drillers : RHP Will Lane
|
Batting: SHB Craig Ruzic
|
0-0: Ball 1-0: Fly out, F9 (Line Drive, 9D, EV 93.1 MPH)
|
Batting: LHB Jerry Santana
|
0-0: Ball 1-0: Ball 2-0: DOUBLE (Groundball, 5L, EV 103.8 MPH)
|
Batting: SHB Jamie Mims
|
0-0: Ball 1-0: Ball 2-0: Ball 3-0: Called Strike 3-1: Swinging Strike 3-2: Ground out 5-3 (Groundball, 5, EV 81.2 MPH)
|
Pitching: RHP Jose Tavira
|
|
Batting: SHB Bobby Santor
|
0-0: 2-RUN HOME RUN (Flyball, 9D, EV 98.8 MPH), Distance : 362 ft
|
Batting: RHB Wali Mulogo
|
0-0: Ball 1-0: Ball 2-0: Foul Ball, location: 2F 2-1: SOLO HOME RUN (Flyball, 9D, EV 96.2 MPH), Distance : 363 ft
|
Batting: RHB Maurice Moore
|
0-0: Called Strike 0-1: Foul Ball, location: 2F 0-2: Ball 1-2: Ground out 4-3 (Groundball, 4S, EV 71.2 MPH)
|
Top of the 8th over - 3 runs, 3 hits, 0 errors, 0 left on base; Colorado (EL) 4 - Tulsa 0 |
BOTTOM OF THE 8TH |
Tulsa Drillers batting - Pitching for Colorado (EL) Rockies : LHP Domenic Wells
|
Pitching: RHP Michael Conrad
|
|
Batting: LHB Bobby Gonzalez
|
0-0: Ball 1-0: Ball 2-0: DOUBLE (Line Drive, 7LS, EV 96.9 MPH)
|
Batting: LHB Joe Phillips
|
0-0: Ground out 3-1 (Groundball, 34, EV 91.2 MPH) Bobby Gonzalez to third
|
Pinch Hitting: SHB Ray Luna
|
0-0: Called Strike 0-1: Fly out, F5 (Popup, 56S, EV 66.2 MPH)
|
Batting: SHB Guy Jerome
|
0-0: Ground out U3 (Groundball, 34S, EV 83.8 MPH)
|
Bottom of the 8th over - 0 runs, 1 hit, 0 errors, 1 left on base; Colorado (EL) 4 - Tulsa 0 |
TOP OF THE 9TH |
Colorado (EL) Rockies batting - Pitching for Tulsa Drillers : RHP Jose Tavira
|
Now in CF: Justin Van Houten
|
|
Batting: LHB Paul McClintock
|
0-0: Ball 1-0: Ball 2-0: Ball 3-0: Called Strike 3-1: Base on Balls
|
Batting: RHB Bobby Bowman
|
0-0: Ball 1-0: Foul Ball, location: 2F 1-1: Ball 2-1: Bunt missed! 2-2: Grounds into double play, 5-4-3 (Groundball, 56S, EV 79.4 MPH)
|
Batting: LHB Daniel Green
|
0-0: Called Strike 0-1: Foul Ball, location: 2F 0-2: Ball 1-2: Strikes out looking
|
Top of the 9th over - 0 runs, 0 hits, 0 errors, 0 left on base; Colorado (EL) 4 - Tulsa 0 |
BOTTOM OF THE 9TH |
Tulsa Drillers batting - Pitching for Colorado (EL) Rockies : RHP Michael Conrad
|
Batting: RHB Jonathan Sotelo
|
0-0: Ball 1-0: Ball 2-0: Foul Ball, location: 2F 2-1: Ball 3-1: Foul Ball, location: 2F 3-2: Reached on error, E5 (Groundball, 5S, EV 86.9 MPH)
|
Batting: LHB Nate Kee
|
0-0: Ball 1-0: Ball 2-0: Called Strike 2-1: Ball 3-1: Base on Balls Jonathan Sotelo to second
|
Pitching: RHP Bobby Servin
|
|
Batting: LHB Umar Matoub
|
0-0: Called Strike 0-1: Ball 1-1: Fielders Choice at 2nd, 3-6 (Groundball, 3, EV 78.8 MPH) Jonathan Sotelo to third
|
Batting: RHB Bob Magana
|
0-0: Fly out, F9 (Flyball, 89M, EV 65.6 MPH) Runner from 3rd tags up, SCORES, no throw by RF
|
Batting: LHB Cory Bowler
|
0-0: Ball 1-0: Called Strike 1-1: Ball 2-1: Foul Ball, location: 2F 2-2: SINGLE (Groundball, 6S, EV 70.6 MPH) (infield hit) Umar Matoub to second
|
Batting: LHB Bobby Gonzalez
|
0-0: Ground out 4-3 (Groundball, 4, EV 88.8 MPH)
|
Bottom of the 9th over - 1 run, 1 hit, 1 error, 2 left on base; Colorado (EL) 4 - Tulsa 1 |
|